Icehogs vs Sewer Rats
Created - 20 décembre 2012 at 22:37
Goals
|
| Icehogs |
0 |
1 |
0 |
1 |
| Sewer Rats |
2 |
1 |
3 |
6 |
|
Shots
|
| Icehogs |
11 |
9 |
6 |
26 |
| Sewer Rats |
13 |
10 |
16 |
39 |
|
1st period
1. Sewer Rats , Ryan Callahan 5 (Mike Rathje) at 1:43
2. Sewer Rats , Bryan Little 14 (Ryan Callahan) at 10:10
Penalties :
Bryan Little (Tol) for High sticking (Double Minor) at 5:11, Ryan Callahan (Tol) for Interference (Minor) at 14:43, Patrik Berglund (Roc) for Hooking (Minor) at 14:43
2nd period
3. Icehogs , Barry Tallackson 8 (Ville Nieminen, Jaroslav Spacek) at 12:34 (PP)
4. Sewer Rats , Marc-André Cliche 1 (John-Michael Liles) at 15:07
Penalties :
Steven Kampfer (Tol) for Boarding (Minor) at 11:24, Ryan Parent (Roc) for Tripping (Minor) at 18:00, B.J. Crombeen (Roc) for Boarding (Minor) at 18:02, Raphael Diaz (Tol) for Tripping (Minor) at 18:23
3rd period
5. Sewer Rats , Niko Dimitrakos 7 (Maxim Talbot, Karel Rachunek) at 6:48 (PP)
6. Sewer Rats , Derek Dorsett 1 (Kyle Quincey, Marc-André Cliche) at 8:14
7. Sewer Rats , Vojtech Polak 4 (Shawn Matthias, Chris Clark) at 12:23
Penalties :
Ryan Parent (Roc) for Hooking (Minor) at 5:13, Milan Jurcina (Roc) for High sticking (Minor) at 9:29, Logan Stephenson (Roc) for Boarding (Minor) at 13:59
Goalie Stats
José Theodore (Roc), 33 saves from 39 shots - (0,846), L, 7-4-1, 60:00 minutes
Jhonas Enroth (Tol), 25 saves from 26 shots - (0,962), W, 2-2-1, 60:00 minutes
Players Stats for Icehogs
Player Name G A P +/- PIM S H SB GA TA FO MP PP MP PK MP
------------------------------------------------------------------------------------
B.J. Crombeen 0 0 0 -2 2 3 2 1 0 0 0/0 20:51 2:28 3:32
Barry Tallackson 1 0 1 -2 0 5 2 0 0 0 0/0 16:44 2:02 1:18
Chris Mueller 0 0 0 -2 0 0 0 0 0 0 4/9 14:33 2:02 0:00
Dan Bertram 0 0 0 0 0 0 0 2 0 0 0/0 8:43 0:44 0:00
Dylan Hunter 0 0 0 0 0 3 2 0 0 0 1/1 9:49 0:24 1:25
Jaroslav Spacek 0 1 1 -2 0 3 2 3 2 3 0/0 28:23 3:37 4:16
Joakim Andersson 0 0 0 0 0 0 1 0 0 1 2/4 7:55 0:00 0:00
Logan Stephenson 0 0 0 -1 2 0 1 1 0 0 0/0 13:55 0:15 2:48
Mark Popovic 0 0 0 -2 0 2 1 1 1 0 0/0 21:10 1:38 3:27
Matt Hunwick 0 0 0 -1 0 1 1 0 0 1 0/0 11:07 0:15 0:00
Milan Jurcina 0 0 0 -2 2 2 1 1 0 1 0/0 20:06 1:38 2:32
Niklas Hagman 0 0 0 -2 0 3 1 0 1 1 6/14 22:18 2:30 4:54
Patrik Berglund 0 0 0 -2 2 1 1 0 0 0 9/23 15:49 2:07 0:21
Ryan Parent 0 0 0 -2 4 2 2 1 0 2 0/0 25:37 3:37 2:01
Ryan Shannon 0 0 0 -1 0 0 0 0 0 1 0/0 11:59 1:10 0:00
Tanner House 0 0 0 -1 0 0 0 0 0 0 3/5 10:41 0:00 0:00
Travis Moen 0 0 0 -1 0 1 1 0 1 0 0/0 11:53 0:54 0:18
Ville Nieminen 0 1 1 -2 0 0 1 0 0 2 1/3 16:51 2:09 1:18
Players Stats for Sewer Rats
Player Name G A P +/- PIM S H SB GA TA FO MP PP MP PK MP
------------------------------------------------------------------------------------
Bryan Little 1 0 1 2 4 6 2 0 3 0 19/33 19:32 3:26 0:00
Chris Clark 0 1 1 1 0 2 1 1 0 1 2/3 16:39 0:14 2:48
Derek Dorsett 1 0 1 2 0 1 1 0 1 0 0/0 7:39 0:00 0:00
John-Michael Liles 0 1 1 0 0 2 2 1 2 0 0/0 17:03 2:24 2:24
Jonathan Paiement 0 0 0 1 0 1 0 0 0 1 0/0 9:52 0:00 0:32
Karel Rachunek 0 1 1 0 0 2 0 3 1 0 0/0 21:33 3:32 2:45
Kyle Quincey 0 1 1 3 0 1 1 0 1 1 0/0 15:51 2:24 0:21
Lars Eller 0 0 0 2 0 0 0 0 0 1 0/1 7:39 0:00 0:00
Marc-André Cliche 1 1 2 2 0 4 1 0 0 0 0/0 8:21 0:00 0:42
Mark Mancari 0 0 0 0 0 1 1 0 0 0 0/0 11:10 0:00 0:00
Matt Lashoff 0 0 0 3 0 1 0 2 0 1 0/0 15:26 0:00 2:13
Max Pacioretty 0 0 0 2 0 1 3 0 0 0 1/2 19:03 3:12 0:38
Maxim Talbot 0 1 1 0 0 0 2 0 0 0 8/12 18:21 2:30 2:46
Mike Rathje 0 1 1 1 0 0 0 1 1 0 0/0 14:27 0:00 2:13
Niko Dimitrakos 1 0 1 0 0 2 0 0 0 0 0/0 4:10 2:30 1:32
Raphael Diaz 0 0 0 1 2 0 0 2 1 0 0/0 16:30 3:31 0:32
Ryan Callahan 1 1 2 2 2 7 1 0 1 0 1/2 18:21 3:26 0:00
Shawn Matthias 0 1 1 1 0 1 0 0 0 0 2/5 11:22 0:00 0:00
Steven Kampfer 0 0 0 1 2 1 0 0 0 0 0/0 9:19 0:00 0:00
Ville Leino 0 0 0 0 0 3 0 0 1 0 0/1 15:31 2:30 1:02
Vojtech Polak 1 0 1 1 0 3 0 3 0 0 0/0 13:00 0:00 1:32
3 Stars
1 - Marc-André Cliche (Tol)
2 - Jhonas Enroth (Tol)
3 - Ryan Callahan (Tol)
Power Play
Icehogs - 1 on 4 Attempt(s) - 25,00%
Sewer Rats - 1 on 5 Attempt(s) - 20,00%
Penalty Kill
Icehogs - 4 on 5 Attempt(s) - 80,00%
- Score 0 goal in Penalty Kill
Sewer Rats - 3 on 4 Attempt(s) - 75,00%
- Score 0 goal in Penalty Kill
Official
Referees : Walsh Ian and LaRue Dennis
Linesman : Brad Lazarowich and Brian Mach
Game Notes
No Game Note
Icehogs
5 vs 5 Forward
Center Left Wing Right Wing Time % Phy DF OF
1 Patrik Berglund Niklas Hagman B.J. Crombeen 40 1 2 2
2 Chris Mueller Ville Nieminen Barry Tallackson 30 1 2 2
3 Tanner House Travis Moen Ryan Shannon 20 1 2 2
4 Joakim Andersson Dylan Hunter Dan Bertram 10 1 2 2
5 vs 5 Defense
Defense Defense Time % Phy DF OF
1 Jaroslav Spacek Ryan Parent 40 1 2 2
2 Mark Popovic Milan Jurcina 30 1 2 2
3 Matt Hunwick Logan Stephenson 20 1 2 2
4 Jaroslav Spacek Ryan Parent 10 1 2 2
PowerPlay Forward
Center Left Wing Right Wing Time % Phy DF OF
1 Patrik Berglund Niklas Hagman B.J. Crombeen 60 1 2 2
2 Chris Mueller Ville Nieminen Barry Tallackson 40 1 2 2
PowerPlay Defense
Defense Defense Time % Phy DF OF
1 Jaroslav Spacek Ryan Parent 60 1 2 2
2 Mark Popovic Milan Jurcina 40 1 2 2
Penalty Kill 4 Players Forward
Center Wing Time % Phy DF OF
1 Niklas Hagman B.J. Crombeen 60 1 2 2
2 Ville Nieminen Barry Tallackson 40 1 2 2
Penalty Kill 4 Players Defense
Defense Defense Time % Phy DF OF
1 Jaroslav Spacek Ryan Parent 60 1 2 2
2 Mark Popovic Milan Jurcina 40 1 2 2
Penalty Kill - 3 Players Forward
Forward Time % Phy DF OF
1 Niklas Hagman 60 1 2 2
2 B.J. Crombeen 40 1 2 2
Penalty Kill - 3 Players Defense
Defense Defense Time % Phy DF OF
1 Jaroslav Spacek Ryan Parent 60 1 2 2
2 Mark Popovic Milan Jurcina 40 1 2 2
4 vs 4 Forward
Center Wing Time % Phy DF OF
1 Niklas Hagman B.J. Crombeen 60 1 2 2
2 Ville Nieminen Barry Tallackson 40 1 2 2
4 vs 4 Defense
Defense Defense Time % Phy DF OF
1 Jaroslav Spacek Ryan Parent 60 1 2 2
2 Mark Popovic Milan Jurcina 40 1 2 2
Last Minutes Offensive
Center Left Wing Right Wing Defense Defense
Patrik Berglund Niklas Hagman B.J. Crombeen Jaroslav Spacek Ryan Parent
Last Minutes Defensive
Center Left Wing Right Wing Defense Defense
Patrik Berglund Niklas Hagman B.J. Crombeen Jaroslav Spacek Ryan Parent
Goaltenders
Starting : José Theodore
Backup : Maxime Ouellet
Extra Forwards
Normal : Ryan Shannon, Travis Moen, Dylan Hunter - PP : Ryan Shannon, Travis Moen - PK : Dylan Hunter
Extra Defensemen
Normal : Matt Hunwick, Logan Stephenson, Mark Popovic - PP : Matt Hunwick - PK : Logan Stephenson, Mark Popovic
Penalty Shots
Niklas Hagman, B.J. Crombeen, Ville Nieminen, Barry Tallackson, Patrik Berglund
Sewer Rats
5 vs 5 Forward
Center Left Wing Right Wing Time % Phy DF OF
1 Bryan Little Max Pacioretty Ryan Callahan 37 1 2 2
2 Maxim Talbot Ville Leino Mark Mancari 28 1 2 2
3 Shawn Matthias Vojtech Polak Chris Clark 25 1 2 2
4 Marc-André Cliche Lars Eller Derek Dorsett 10 1 2 2
5 vs 5 Defense
Defense Defense Time % Phy DF OF
1 John-Michael Liles Karel Rachunek 27 1 2 2
2 Kyle Quincey Matt Lashoff 27 1 2 2
3 Raphael Diaz Mike Rathje 26 1 2 2
4 Jonathan Paiement Steven Kampfer 20 1 2 2
PowerPlay Forward
Center Left Wing Right Wing Time % Phy DF OF
1 Bryan Little Max Pacioretty Ryan Callahan 60 1 2 2
2 Maxim Talbot Ville Leino Niko Dimitrakos 40 1 2 2
PowerPlay Defense
Defense Defense Time % Phy DF OF
1 Raphael Diaz Karel Rachunek 60 1 2 2
2 Kyle Quincey John-Michael Liles 40 1 2 2
Penalty Kill 4 Players Forward
Center Wing Time % Phy DF OF
1 Maxim Talbot Chris Clark 60 1 2 2
2 Niko Dimitrakos Vojtech Polak 40 1 2 2
Penalty Kill 4 Players Defense
Defense Defense Time % Phy DF OF
1 John-Michael Liles Karel Rachunek 60 1 2 2
2 Mike Rathje Matt Lashoff 40 1 2 2
Penalty Kill - 3 Players Forward
Forward Time % Phy DF OF
1 Maxim Talbot 60 1 2 2
2 Bryan Little 40 1 2 2
Penalty Kill - 3 Players Defense
Defense Defense Time % Phy DF OF
1 Raphael Diaz Karel Rachunek 60 1 2 2
2 John-Michael Liles Matt Lashoff 40 1 2 2
4 vs 4 Forward
Center Wing Time % Phy DF OF
1 Maxim Talbot Chris Clark 60 1 2 2
2 Bryan Little Ville Leino 40 1 2 2
4 vs 4 Defense
Defense Defense Time % Phy DF OF
1 Raphael Diaz Karel Rachunek 60 1 2 2
2 Mike Rathje Matt Lashoff 40 1 2 2
Last Minutes Offensive
Center Left Wing Right Wing Defense Defense
Bryan Little Max Pacioretty Mark Mancari Raphael Diaz Karel Rachunek
Last Minutes Defensive
Center Left Wing Right Wing Defense Defense
Maxim Talbot Ville Leino Niko Dimitrakos John-Michael Liles Karel Rachunek
Goaltenders
Starting : Jhonas Enroth
Backup : Cédric Desjardins
Extra Forwards
Normal : Chris Clark, Mark Mancari, Max Pacioretty - PP : Chris Clark, Mark Mancari - PK : Ville Leino
Extra Defensemen
Normal : Kyle Quincey, Raphael Diaz, John-Michael Liles - PP : Kyle Quincey - PK : Raphael Diaz, John-Michael Liles
Penalty Shots
Bryan Little, Chris Clark, Max Pacioretty, Ville Leino, Ryan Callahan
% Time on Ice - Icehogs
Lines # - Real PCT - Wanted PCT - Time Play
Normal Forward
1 - 30% - 40% - 13:29
2 - 29% - 30% - 12:52
3 - 24% - 20% - 10:41
4 - 18% - 10% - 7:55
Normal Defense
1 - 40% - 40% - 17:59
2 - 34% - 30% - 15:16
3 - 24% - 20% - 10:46
4 - 2% - 10% - 0:56
PP Forward
1 - 60% - 60% - 3:18
2 - 40% - 40% - 2:12
PP Defense
1 - 66% - 60% - 3:37
2 - 34% - 40% - 1:53
PK Forward
1 - 77% - 60% - 4:17
2 - 23% - 40% - 1:18
PK Defense
1 - 52% - 60% - 2:55
2 - 48% - 40% - 2:40
PK3 Forward
1 - 68% - 60% - 1:19
2 - 32% - 40% - 0:38
PK3 Defense
1 - 60% - 60% - 1:10
2 - 40% - 40% - 0:47
44 Forward
1 - 74% - 60% - 1:29
2 - 26% - 40% - 0:32
44 Defense
1 - 55% - 60% - 1:06
2 - 45% - 40% - 0:55
Last Minute Offensive - 0:00
Last Minute Defensive - 0:00
Total
Forward - 60:00
Defense - 60:00
|
% Time on Ice - Sewer Rats
Lines # - Real PCT - Wanted PCT - Time Play
Normal Forward
1 - 33% - 37% - 14:56
2 - 24% - 28% - 11:00
3 - 25% - 25% - 11:22
4 - 17% - 10% - 7:39
Normal Defense
1 - 30% - 27% - 13:19
2 - 26% - 27% - 11:53
3 - 23% - 26% - 10:25
4 - 21% - 20% - 9:20
PP Forward
1 - 58% - 60% - 3:26
2 - 42% - 40% - 2:30
PP Defense
1 - 60% - 60% - 3:32
2 - 40% - 40% - 2:24
PK Forward
1 - 72% - 60% - 3:58
2 - 28% - 40% - 1:32
PK Defense
1 - 60% - 60% - 3:17
2 - 40% - 40% - 2:13
PK3 Forward
1 - 0% - 60%
2 - 0% - 40%
PK3 Defense
1 - 0% - 60%
2 - 0% - 40%
44 Forward
1 - 70% - 60% - 2:32
2 - 30% - 40% - 1:05
44 Defense
1 - 54% - 60% - 1:57
2 - 46% - 40% - 1:40
Last Minute Offensive - 0:00
Last Minute Defensive - 0:00
Total
Forward - 60:00
Defense - 60:00
|
Play by Play
1st period
0:01 of 1st period - Bryan Little wins face-off versus Patrik Berglund in neutral zone.
0:14 of 1st period - Snap shot by Bryan Little.
0:14 of 1st period - Shot Misses the Net.
0:16 of 1st period - Slapshot by Karel Rachunek.
0:16 of 1st period - Shot Misses the Net.
1:20 of 1st period - Slapshot by Kyle Quincey.
1:20 of 1st period - Shot Misses the Net.
1:41 of 1st period - Slapshot by Ryan Callahan.
1:41 of 1st period - Shot Misses the Net.
1:43 of 1st period - Wrist shot by Ryan Callahan.
1:43 of 1st period - Goal by Ryan Callahan - Icehogs : 0 - Sewer Rats : 1.
1:44 of 1st period - Maxim Talbot wins face-off versus Chris Mueller in neutral zone.
2:32 of 1st period - Matt Hunwick is hit by Marc-André Cliche and loses puck.
2:39 of 1st period - Backhand shot by Marc-André Cliche.
2:39 of 1st period - Stopped by José Theodore without a rebound.
2:40 of 1st period - Bryan Little wins face-off versus Chris Mueller in Icehogs zone.
3:35 of 1st period - Wrist shot by Chris Clark.
3:35 of 1st period - Deflect By Ryan Shannon.
3:35 of 1st period - Shot Blocked by Jaroslav Spacek.
3:35 of 1st period - Puck is out of play.
3:36 of 1st period - Bryan Little wins face-off versus Chris Mueller in Icehogs zone.
3:47 of 1st period - Slapshot by Bryan Little.
3:47 of 1st period - Shot Misses the Net.
3:49 of 1st period - Slapshot by Max Pacioretty.
3:49 of 1st period - Shot Misses the Net.
4:01 of 1st period - Raphael Diaz is hit by Milan Jurcina and loses puck.
4:08 of 1st period - Wrist shot by B.J. Crombeen.
4:08 of 1st period - Stopped by Jhonas Enroth with a rebound.
4:10 of 1st period - Slapshot by Matt Hunwick.
4:10 of 1st period - Shot Blocked by Mike Rathje.
4:12 of 1st period - Wrist shot by Niklas Hagman.
4:12 of 1st period - Stopped by Jhonas Enroth with a rebound.
4:26 of 1st period - Wrist shot by Dylan Hunter.
4:26 of 1st period - Stopped by Jhonas Enroth without a rebound.
4:27 of 1st period - Joakim Andersson wins face-off versus Max Pacioretty in Sewer Rats zone.
4:50 of 1st period - Wrist shot by Dylan Hunter.
4:50 of 1st period - Shot Blocked by Vojtech Polak.
4:52 of 1st period - Slapshot by Milan Jurcina.
4:52 of 1st period - Stopped by Jhonas Enroth without a rebound.
4:53 of 1st period - Shawn Matthias wins face-off versus Patrik Berglund in Sewer Rats zone.
4:53 of 1st period - Shawn Matthias is hit by B.J. Crombeen.
5:05 of 1st period - Snap shot by Chris Clark.
5:05 of 1st period - Stopped by José Theodore with a rebound.
5:07 of 1st period - Slapshot by Chris Clark.
5:07 of 1st period - Stopped by José Theodore with a rebound.
5:09 of 1st period - Wrist shot by Vojtech Polak.
5:09 of 1st period - Stopped by José Theodore without a rebound.
5:10 of 1st period - Bryan Little wins face-off versus Tanner House in Icehogs zone.
5:11 of 1st period - Slapshot by Ryan Callahan.
5:11 of 1st period - Stopped by José Theodore without a rebound.
5:11 of 1st period - Double Minor Penalty to Bryan Little for High sticking.
5:12 of 1st period - Chris Clark wins face-off versus Patrik Berglund in Sewer Rats zone.
6:56 of 1st period - Mike Rathje is hit by Jaroslav Spacek and loses puck.
8:11 of 1st period - Jonathan Paiement is hit by Ville Nieminen and loses puck.
8:32 of 1st period - John-Michael Liles is hit by Ryan Parent and loses puck.
9:11 of 1st period - Penalty to Bryan Little is over, Bryan Little is back on ice.
9:13 of 1st period - Mike Rathje is hit by Dylan Hunter.
9:16 of 1st period - Off-side.
9:17 of 1st period - Bryan Little wins face-off versus Tanner House in neutral zone.
9:24 of 1st period - Wrist shot by Ryan Callahan.
9:24 of 1st period - Stopped by José Theodore without a rebound.
9:25 of 1st period - Tanner House wins face-off versus Bryan Little in Icehogs zone.
9:56 of 1st period - Slapshot by Ville Leino.
9:56 of 1st period - Stopped by José Theodore without a rebound.
9:57 of 1st period - Bryan Little wins face-off versus Chris Mueller in Icehogs zone.
10:10 of 1st period - Slapshot by Bryan Little.
10:10 of 1st period - Goal by Bryan Little - Icehogs : 0 - Sewer Rats : 2.
10:11 of 1st period - Bryan Little wins face-off versus Patrik Berglund in neutral zone.
10:14 of 1st period - Niklas Hagman is hit by Max Pacioretty and loses puck.
11:25 of 1st period - Snap shot by Ville Leino.
11:25 of 1st period - Shot Misses the Net.
11:40 of 1st period - Off-side.
11:41 of 1st period - Bryan Little wins face-off versus Patrik Berglund in neutral zone.
11:44 of 1st period - Snap shot by Max Pacioretty.
11:44 of 1st period - Stopped by José Theodore without a rebound.
11:45 of 1st period - Bryan Little wins face-off versus Patrik Berglund in Icehogs zone.
11:48 of 1st period - Wrist shot by Ryan Callahan.
11:48 of 1st period - Shot Blocked by Ryan Parent.
11:54 of 1st period - Wrist shot by Patrik Berglund.
11:54 of 1st period - Stopped by Jhonas Enroth without a rebound.
11:55 of 1st period - Bryan Little wins face-off versus Niklas Hagman in Sewer Rats zone.
11:55 of 1st period - Bryan Little is hit by Niklas Hagman.
12:26 of 1st period - Off-side.
12:27 of 1st period - Chris Mueller wins face-off versus Shawn Matthias in neutral zone.
12:52 of 1st period - Snap shot by Mark Popovic.
12:52 of 1st period - Stopped by Jhonas Enroth without a rebound.
12:53 of 1st period - Maxim Talbot wins face-off versus Joakim Andersson in Sewer Rats zone.
13:08 of 1st period - Wrist shot by Maxim Talbot.
13:08 of 1st period - Shot Blocked by Dan Bertram.
14:08 of 1st period - Ville Leino is hit by Logan Stephenson and loses puck.
14:38 of 1st period - Snap shot by Dylan Hunter.
14:38 of 1st period - Stopped by Jhonas Enroth without a rebound.
14:39 of 1st period - Patrik Berglund wins face-off versus Bryan Little in Sewer Rats zone.
14:43 of 1st period - Minor Penalty to Ryan Callahan for Interference.
14:43 of 1st period - Minor Penalty to Patrik Berglund for Hooking.
14:44 of 1st period - Niklas Hagman wins face-off versus Maxim Talbot in Sewer Rats zone.
14:53 of 1st period - Snap shot by Niklas Hagman.
14:53 of 1st period - Shot Blocked by Karel Rachunek.
14:55 of 1st period - Slapshot by Jaroslav Spacek.
14:55 of 1st period - Shot Blocked by Karel Rachunek.
14:57 of 1st period - Slapshot by Jaroslav Spacek.
14:57 of 1st period - Stopped by Jhonas Enroth with a rebound.
14:59 of 1st period - Snap shot by B.J. Crombeen.
14:59 of 1st period - Stopped by Jhonas Enroth with a rebound.
15:25 of 1st period - Snap shot by Barry Tallackson.
15:25 of 1st period - Deflect By Ville Nieminen.
15:25 of 1st period - Shot Misses the Net.
15:25 of 1st period - Puck is out of play.
15:26 of 1st period - Bryan Little wins face-off versus Ville Nieminen in Sewer Rats zone.
15:28 of 1st period - Icing by Ville Leino.
15:29 of 1st period - Niklas Hagman wins face-off versus Bryan Little in Sewer Rats zone.
15:42 of 1st period - Snap shot by B.J. Crombeen.
15:42 of 1st period - Shot Misses the Net.
15:56 of 1st period - Slapshot by Ville Leino.
15:56 of 1st period - Stopped by José Theodore without a rebound.
15:57 of 1st period - Niklas Hagman wins face-off versus Chris Clark in Icehogs zone.
16:37 of 1st period - Slapshot by Mike Rathje.
16:37 of 1st period - Deflect By Bryan Little.
16:37 of 1st period - Stopped by José Theodore with a rebound.
16:43 of 1st period - Penalty to Ryan Callahan is over, Ryan Callahan is back on ice.
16:43 of 1st period - Penalty to Patrik Berglund is over, Patrik Berglund is back on ice.
16:53 of 1st period - Snap shot by Marc-André Cliche.
16:53 of 1st period - Stopped by José Theodore with a rebound.
17:37 of 1st period - Snap shot by Barry Tallackson.
17:37 of 1st period - Shot Misses the Net.
17:39 of 1st period - Slapshot by Milan Jurcina.
17:39 of 1st period - Stopped by Jhonas Enroth with a rebound.
17:51 of 1st period - Snap shot by Ryan Shannon.
17:51 of 1st period - Deflect By Travis Moen.
17:51 of 1st period - Stopped by Jhonas Enroth without a rebound.
17:52 of 1st period - Tanner House wins face-off versus Bryan Little in Sewer Rats zone.
2nd period
0:01 of 2nd period - Patrik Berglund wins face-off versus Bryan Little in neutral zone.
0:06 of 2nd period - Ryan Callahan is hit by Patrik Berglund.
0:32 of 2nd period - Snap shot by Barry Tallackson.
0:32 of 2nd period - Deflect By Chris Clark.
0:32 of 2nd period - Shot Blocked by Matt Lashoff.
0:32 of 2nd period - Puck is out of play.
0:33 of 2nd period - Chris Mueller wins face-off versus Shawn Matthias in Sewer Rats zone.
0:38 of 2nd period - Slapshot by Ville Nieminen.
0:38 of 2nd period - Shot Blocked by Vojtech Polak.
0:40 of 2nd period - Slapshot by Ville Nieminen.
0:40 of 2nd period - Shot Misses the Net.
0:58 of 2nd period - Snap shot by Barry Tallackson.
0:58 of 2nd period - Stopped by Jhonas Enroth with a rebound.
1:00 of 2nd period - Wrist shot by Ville Nieminen.
1:00 of 2nd period - Shot Blocked by Vojtech Polak.
1:02 of 2nd period - Snap shot by Ville Nieminen.
1:02 of 2nd period - Shot Misses the Net.
1:10 of 2nd period - Snap shot by Ville Nieminen.
1:10 of 2nd period - Shot Blocked by Karel Rachunek.
1:12 of 2nd period - Slapshot by Barry Tallackson.
1:12 of 2nd period - Stopped by Jhonas Enroth with a rebound.
1:20 of 2nd period - Snap shot by Barry Tallackson.
1:20 of 2nd period - Stopped by Jhonas Enroth with a rebound.
1:22 of 2nd period - Slapshot by Ryan Parent.
1:22 of 2nd period - Shot Blocked by Chris Clark.
1:24 of 2nd period - Slapshot by Ryan Parent.
1:24 of 2nd period - Shot Misses the Net.
1:26 of 2nd period - Slapshot by Ryan Parent.
1:26 of 2nd period - Stopped by Jhonas Enroth without a rebound.
1:27 of 2nd period - Patrik Berglund wins face-off versus Bryan Little in Sewer Rats zone.
2:33 of 2nd period - Mark Popovic is hit by Max Pacioretty and loses puck.
3:00 of 2nd period - Milan Jurcina is hit by Ryan Callahan and loses puck.
3:15 of 2nd period - Wrist shot by Ryan Callahan.
3:15 of 2nd period - Stopped by José Theodore without a rebound.
3:16 of 2nd period - Maxim Talbot wins face-off versus Patrik Berglund in Icehogs zone.
4:18 of 2nd period - Slapshot by Matt Hunwick.
4:18 of 2nd period - Stopped by Jhonas Enroth with a rebound.
4:42 of 2nd period - Slapshot by John-Michael Liles.
4:42 of 2nd period - Stopped by José Theodore with a rebound.
4:52 of 2nd period - Ville Leino is hit by Barry Tallackson and loses puck.
5:14 of 2nd period - Off-side.
5:15 of 2nd period - Shawn Matthias wins face-off versus Patrik Berglund in neutral zone.
5:18 of 2nd period - Snap shot by Vojtech Polak.
5:18 of 2nd period - Stopped by José Theodore with a rebound.
5:50 of 2nd period - Steven Kampfer is hit by Mark Popovic and loses puck.
6:11 of 2nd period - Snap shot by Mark Mancari.
6:11 of 2nd period - Stopped by José Theodore with a rebound.
6:13 of 2nd period - Slapshot by Maxim Talbot.
6:13 of 2nd period - Shot Misses the Net.
6:49 of 2nd period - Wrist shot by Bryan Little.
6:49 of 2nd period - Deflect By Ryan Callahan.
6:49 of 2nd period - Stopped by José Theodore with a rebound.
7:31 of 2nd period - Ryan Parent is hit by Kyle Quincey and loses puck.
7:44 of 2nd period - Snap shot by Chris Clark.
7:44 of 2nd period - Shot Misses the Net.
7:46 of 2nd period - Slapshot by Matt Lashoff.
7:46 of 2nd period - Shot Blocked by Dan Bertram.
8:23 of 2nd period - Icing by Patrik Berglund.
8:24 of 2nd period - Patrik Berglund wins face-off versus Maxim Talbot in Icehogs zone.
9:39 of 2nd period - Off-side.
9:40 of 2nd period - Joakim Andersson wins face-off versus Lars Eller in neutral zone.
10:03 of 2nd period - Kyle Quincey is hit by Joakim Andersson and loses puck.
10:10 of 2nd period - Backhand shot by Dylan Hunter.
10:10 of 2nd period - Stopped by Jhonas Enroth without a rebound.
10:11 of 2nd period - Bryan Little wins face-off versus Patrik Berglund in Sewer Rats zone.
10:46 of 2nd period - Slapshot by Mark Mancari.
10:46 of 2nd period - Shot Misses the Net.
11:02 of 2nd period - Slapshot by Mark Popovic.
11:02 of 2nd period - Shot Blocked by Raphael Diaz.
11:04 of 2nd period - Wrist shot by Dan Bertram.
11:04 of 2nd period - Deflect By Dylan Hunter.
11:04 of 2nd period - Shot Misses the Net.
11:04 of 2nd period - Puck is out of play.
11:05 of 2nd period - Bryan Little wins face-off versus Joakim Andersson in Sewer Rats zone.
11:24 of 2nd period - Minor Penalty to Steven Kampfer for Boarding.
11:25 of 2nd period - Maxim Talbot wins face-off versus Patrik Berglund in Sewer Rats zone.
11:40 of 2nd period - Wrist shot by Niklas Hagman.
11:40 of 2nd period - Deflect By B.J. Crombeen.
11:40 of 2nd period - Shot Blocked by John-Michael Liles.
11:40 of 2nd period - Puck is out of play.
11:41 of 2nd period - Maxim Talbot wins face-off versus Patrik Berglund in Sewer Rats zone.
12:32 of 2nd period - Wrist shot by Ville Nieminen.
12:32 of 2nd period - Shot Blocked by Matt Lashoff.
12:34 of 2nd period - Snap shot by Barry Tallackson.
12:34 of 2nd period - Goal by Barry Tallackson - Icehogs : 1 - Sewer Rats : 2.
12:35 of 2nd period - Patrik Berglund wins face-off versus Bryan Little in neutral zone.
12:48 of 2nd period - Patrik Berglund is hit by John-Michael Liles and loses puck.
13:46 of 2nd period - Lars Eller is hit by Jaroslav Spacek and loses puck.
13:51 of 2nd period - Slapshot by Ryan Parent.
13:51 of 2nd period - Stopped by Jhonas Enroth without a rebound.
13:52 of 2nd period - Patrik Berglund wins face-off versus Bryan Little in Sewer Rats zone.
14:17 of 2nd period - Ville Leino is hit by Barry Tallackson and loses puck.
14:46 of 2nd period - Wrist shot by Shawn Matthias.
14:46 of 2nd period - Stopped by José Theodore with a rebound.
14:58 of 2nd period - Marc-André Cliche is hit by B.J. Crombeen and loses puck.
15:05 of 2nd period - Slapshot by John-Michael Liles.
15:05 of 2nd period - Stopped by José Theodore with a rebound.
15:07 of 2nd period - Wrist shot by Marc-André Cliche.
15:07 of 2nd period - Goal by Marc-André Cliche - Icehogs : 1 - Sewer Rats : 3.
15:08 of 2nd period - Bryan Little wins face-off versus Patrik Berglund in neutral zone.
15:35 of 2nd period - Ryan Parent is hit by Mark Mancari and loses puck.
16:00 of 2nd period - Snap shot by Marc-André Cliche.
16:00 of 2nd period - Stopped by José Theodore with a rebound.
16:08 of 2nd period - Wrist shot by Barry Tallackson.
16:08 of 2nd period - Stopped by Jhonas Enroth with a rebound.
16:12 of 2nd period - Snap shot by Ville Nieminen.
16:12 of 2nd period - Shot Misses the Net.
16:18 of 2nd period - Backhand shot by Mark Popovic.
16:18 of 2nd period - Deflect By Ville Nieminen.
16:18 of 2nd period - Shot Misses the Net.
16:18 of 2nd period - Puck is out of play.
16:19 of 2nd period - Patrik Berglund wins face-off versus Bryan Little in Sewer Rats zone.
17:07 of 2nd period - Vojtech Polak is hit by Matt Hunwick and loses puck.
18:00 of 2nd period - Minor Penalty to Ryan Parent for Tripping.
18:01 of 2nd period - Ryan Callahan wins face-off versus Niklas Hagman in Icehogs zone.
18:02 of 2nd period - Wrist shot by Bryan Little.
18:02 of 2nd period - Stopped by José Theodore without a rebound.
18:02 of 2nd period - Minor Penalty to B.J. Crombeen for Boarding.
18:03 of 2nd period - Niklas Hagman wins face-off versus Bryan Little in Icehogs zone.
18:23 of 2nd period - Minor Penalty to Raphael Diaz for Tripping.
18:24 of 2nd period - Chris Clark wins face-off versus Niklas Hagman in Sewer Rats zone.
18:49 of 2nd period - Logan Stephenson is hit by Chris Clark and loses puck.
19:53 of 2nd period - Icing by Chris Clark.
19:54 of 2nd period - Dylan Hunter wins face-off versus Maxim Talbot in Sewer Rats zone.
0:00 of 3rd period - Penalty to Ryan Parent is over, Ryan Parent is back on ice.
3rd period
0:01 of 3rd period - Niklas Hagman wins face-off versus Maxim Talbot in neutral zone.
0:02 of 3rd period - Penalty to B.J. Crombeen is over, B.J. Crombeen is back on ice.
0:04 of 3rd period - Slapshot by Jaroslav Spacek.
0:04 of 3rd period - Stopped by Jhonas Enroth without a rebound.
0:05 of 3rd period - Maxim Talbot wins face-off versus Niklas Hagman in Sewer Rats zone.
0:23 of 3rd period - Penalty to Raphael Diaz is over, Raphael Diaz is back on ice.
0:35 of 3rd period - Slapshot by Bryan Little.
0:35 of 3rd period - Stopped by José Theodore with a rebound.
0:37 of 3rd period - Slapshot by Max Pacioretty.
0:37 of 3rd period - Shot Misses the Net.
0:59 of 3rd period - Backhand shot by Mike Rathje.
0:59 of 3rd period - Shot Blocked by Jaroslav Spacek.
1:23 of 3rd period - Slapshot by Mike Rathje.
1:23 of 3rd period - Shot Blocked by Mark Popovic.
1:45 of 3rd period - Wrist shot by Bryan Little.
1:45 of 3rd period - Shot Blocked by Milan Jurcina.
1:47 of 3rd period - Snap shot by Ryan Callahan.
1:47 of 3rd period - Shot Misses the Net.
2:23 of 3rd period - Slapshot by Marc-André Cliche.
2:23 of 3rd period - Shot Blocked by Logan Stephenson.
3:26 of 3rd period - Niklas Hagman is hit by Derek Dorsett and loses puck.
3:43 of 3rd period - Chris Clark is hit by Dylan Hunter and loses puck.
4:20 of 3rd period - Milan Jurcina is hit by John-Michael Liles.
4:24 of 3rd period - Ryan Shannon is hit by Bryan Little and loses puck.
4:41 of 3rd period - Wrist shot by B.J. Crombeen.
4:41 of 3rd period - Shot Misses the Net.
4:43 of 3rd period - Wrist shot by Niklas Hagman.
4:43 of 3rd period - Shot Blocked by Raphael Diaz.
4:45 of 3rd period - Slapshot by Mark Popovic.
4:45 of 3rd period - Stopped by Jhonas Enroth without a rebound.
4:46 of 3rd period - Bryan Little wins face-off versus Patrik Berglund in Sewer Rats zone.
4:58 of 3rd period - Wrist shot by Bryan Little.
4:58 of 3rd period - Stopped by José Theodore without a rebound.
4:59 of 3rd period - Chris Mueller wins face-off versus Bryan Little in Icehogs zone.
5:13 of 3rd period - Minor Penalty to Ryan Parent for Hooking.
5:14 of 3rd period - Max Pacioretty wins face-off versus Niklas Hagman in Icehogs zone.
5:45 of 3rd period - Slapshot by Karel Rachunek.
5:45 of 3rd period - Deflect By Logan Stephenson.
5:45 of 3rd period - Stopped by José Theodore without a rebound.
5:46 of 3rd period - Bryan Little wins face-off versus Niklas Hagman in Icehogs zone.
5:53 of 3rd period - Snap shot by Ryan Callahan.
5:53 of 3rd period - Stopped by José Theodore with a rebound.
6:05 of 3rd period - Backhand shot by Karel Rachunek.
6:05 of 3rd period - Stopped by José Theodore without a rebound.
6:06 of 3rd period - Ville Nieminen wins face-off versus Ville Leino in Icehogs zone.
6:23 of 3rd period - Milan Jurcina is hit by Maxim Talbot and loses puck.
6:48 of 3rd period - Slapshot by Niko Dimitrakos.
6:48 of 3rd period - Goal by Niko Dimitrakos - Icehogs : 1 - Sewer Rats : 4.
6:49 of 3rd period - Bryan Little wins face-off versus Chris Mueller in neutral zone.
6:52 of 3rd period - Snap shot by Matt Lashoff.
6:52 of 3rd period - Shot Misses the Net.
6:54 of 3rd period - Wrist shot by Ryan Callahan.
6:54 of 3rd period - Stopped by José Theodore without a rebound.
6:55 of 3rd period - Chris Mueller wins face-off versus Bryan Little in Icehogs zone.
7:25 of 3rd period - Snap shot by Mark Mancari.
7:25 of 3rd period - Shot Blocked by B.J. Crombeen.
8:14 of 3rd period - Snap shot by Derek Dorsett.
8:14 of 3rd period - Goal by Derek Dorsett - Icehogs : 1 - Sewer Rats : 5.
8:15 of 3rd period - Bryan Little wins face-off versus Patrik Berglund in neutral zone.
9:29 of 3rd period - Minor Penalty to Milan Jurcina for High sticking.
9:30 of 3rd period - Bryan Little wins face-off versus Niklas Hagman in Icehogs zone.
11:29 of 3rd period - Penalty to Milan Jurcina is over, Milan Jurcina is back on ice.
11:37 of 3rd period - Wrist shot by Marc-André Cliche.
11:37 of 3rd period - Shot Misses the Net.
11:39 of 3rd period - Snap shot by Marc-André Cliche.
11:39 of 3rd period - Shot Blocked by Jaroslav Spacek.
11:55 of 3rd period - Wrist shot by Chris Clark.
11:55 of 3rd period - Shot Misses the Net.
11:57 of 3rd period - Slapshot by Jonathan Paiement.
11:57 of 3rd period - Stopped by José Theodore without a rebound.
11:58 of 3rd period - Tanner House wins face-off versus Shawn Matthias in Icehogs zone.
12:21 of 3rd period - Wrist shot by Vojtech Polak.
12:21 of 3rd period - Shot Misses the Net.
12:23 of 3rd period - Wrist shot by Shawn Matthias.
12:23 of 3rd period - Deflect By Vojtech Polak.
12:23 of 3rd period - Goal by Vojtech Polak - Icehogs : 1 - Sewer Rats : 6.
12:24 of 3rd period - Patrik Berglund wins face-off versus Bryan Little in neutral zone.
12:31 of 3rd period - Snap shot by Niklas Hagman.
12:31 of 3rd period - Stopped by Jhonas Enroth with a rebound.
12:33 of 3rd period - Backhand shot by Mark Popovic.
12:33 of 3rd period - Shot Misses the Net.
12:35 of 3rd period - Slapshot by B.J. Crombeen.
12:35 of 3rd period - Stopped by Jhonas Enroth with a rebound.
12:37 of 3rd period - Wrist shot by B.J. Crombeen.
12:37 of 3rd period - Shot Misses the Net.
12:39 of 3rd period - Snap shot by Niklas Hagman.
12:39 of 3rd period - Stopped by Jhonas Enroth with a rebound.
12:51 of 3rd period - Ville Nieminen is hit by Maxim Talbot and loses puck.
13:00 of 3rd period - Wrist shot by Ville Leino.
13:00 of 3rd period - Stopped by José Theodore without a rebound.
13:01 of 3rd period - Patrik Berglund wins face-off versus Bryan Little in Icehogs zone.
13:59 of 3rd period - Minor Penalty to Logan Stephenson for Boarding.
14:00 of 3rd period - Niklas Hagman wins face-off versus Ryan Callahan in Icehogs zone.
14:45 of 3rd period - Off-side.
14:46 of 3rd period - Maxim Talbot wins face-off versus Ville Nieminen in neutral zone.
14:51 of 3rd period - Slapshot by Kyle Quincey.
14:51 of 3rd period - Stopped by José Theodore without a rebound.
14:52 of 3rd period - Maxim Talbot wins face-off versus Niklas Hagman in Icehogs zone.
14:53 of 3rd period - Snap shot by Niko Dimitrakos.
14:53 of 3rd period - Stopped by José Theodore with a rebound.
15:59 of 3rd period - Penalty to Logan Stephenson is over, Logan Stephenson is back on ice.
16:36 of 3rd period - Chris Clark is hit by Ryan Parent and loses puck.
17:26 of 3rd period - Patrik Berglund is hit by Bryan Little and loses puck.
17:41 of 3rd period - Slapshot by Matt Lashoff.
17:41 of 3rd period - Stopped by José Theodore with a rebound.
17:57 of 3rd period - Dylan Hunter is hit by Max Pacioretty and loses puck.
18:27 of 3rd period - Snap shot by Travis Moen.
18:27 of 3rd period - Shot Misses the Net.
18:29 of 3rd period - Slapshot by Logan Stephenson.
18:29 of 3rd period - Shot Misses the Net.
18:41 of 3rd period - Snap shot by Bryan Little.
18:41 of 3rd period - Stopped by José Theodore with a rebound.
18:43 of 3rd period - Slapshot by Steven Kampfer.
18:43 of 3rd period - Deflect By Jaroslav Spacek.
18:43 of 3rd period - Stopped by José Theodore with a rebound.
18:45 of 3rd period - Slapshot by Steven Kampfer.
18:45 of 3rd period - Shot Misses the Net.
19:17 of 3rd period - Wrist shot by Jaroslav Spacek.
19:17 of 3rd period - Stopped by Jhonas Enroth with a rebound.
19:34 of 3rd period - Bryan Little is hit by Travis Moen and loses puck.
Output by the SimonT Hockey Simulator (STHS) for François Prévost -- Original Page W3C XHTML 1.0 Valid